 Dungeon Crawl Stone Soup version 0.23-a0-417-gf02c810438 (webtiles) character file.

60 Nixze the Digger (level 4, -11/24 HPs)
             Began as a Gargoyle Earth Elementalist on Nov 10, 2018.
             Killed by divine providence
             ... invoked by an orc priest
              (17 damage)
             ... on level 2 of the Dungeon.
             The game lasted 00:04:55 (1566 turns).

Nixze the Digger (Gargoyle Earth Elementalist)      Turns: 1566, Time: 00:04:55

Health: -11/24     AC:  5    Str: 12    XL:     4   Next: 6%
Magic:  1/8        EV: 12    Int: 16    God:
Gold:   96         SH:  0    Dex: 10    Spells: 3/9 levels left

rFire    . . .     SeeInvis .   a - +0 mace
rCold    . . .     Gourm    .   (no shield)
rNeg     + . .     Faith    .   c - +0 robe
rPois    ∞         Spirit   .   (no helmet)
rElec    +         Reflect  .   (no cloak)
rCorr    .         Harm     .   (no gloves)
MR       .....                  (no boots)
Stlth    ++........             (no amulet)
HPRegen  0.08/turn              (no ring)
MPRegen  0.11/turn              (no ring)

@: no status effects
A: negative energy resistance 1, electricity resistance, unbreathing,
petrification resistance, rot immunity, AC +3
a: no special abilities


You were on level 2 of the Dungeon.
You were not hungry.

You visited 1 branch of the dungeon, and saw 2 of its levels.

You collected 96 gold pieces.

Inventory:

Hand Weapons
 a - a +0 mace (weapon)
Missiles
 b - 51 stones (quivered)
Armour
 c - a +0 robe (worn)
Scrolls
 f - 2 scrolls of teleportation {unknown}
 g - a scroll of remove curse {unknown}
 j - a scroll of identify {unknown}
 k - a scroll of fear {unknown}
 m - a scroll of magic mapping {unknown}
Potions
 e - a potion of brilliance {unknown}
 h - a potion of degeneration {unknown}
 i - a potion of ambrosia {unknown}
Comestibles
 d - 2 rations
 l - 5 chunks of flesh


   Skills:
 - Level 1.5 Dodging
 - Level 2.1 Stealth
 + Level 3.0 Spellcasting
 + Level 0.1 Conjurations
 + Level 0.8 Transmutations
 + Level 4.8 Earth Magic


You had 3 spell levels left.
You knew the following spells:

 Your Spells              Type           Power        Failure   Level  Hunger
a - Sandblast             Erth           ###...       2%          1    #......
b - Stone Arrow           Conj/Erth      ##....       21%         3    ###....
c - Passwall              Tmut/Erth      ##......     9%          2    ##.....

Your spell library contained the following spells:

 Spells                   Type           Power        Failure   Level  Hunger
 Petrify                  Tmut/Erth      ##......     50%         4    #####..
 Lee's Rapid Deconstruct  Erth           ###.......   56%         5    ######.


Dungeon Overview and Level Annotations

Branches:
Dungeon (2/15)

Altars:
Ashenzari
Xom
Zin

Annotations:
D:2 Terence


Innate Abilities, Weirdness & Mutations

You are resistant to torment.
Your stone body is resilient. (AC +3)
You are immune to poison.
You resist negative energy. (rN+)
You are resistant to electric shocks. (rElec)
You can survive without breathing.
You are immune to petrification.
You are immune to rotting.


Message History

Terence hits you but does no damage.
A puff of frost appears from out of thin air!
The puff of frost misses you.
A magic dart appears from out of thin air!
The magic dart hits you!
Casting: Sandblast (safe; 2% risk of failure)
Confirm with . or Enter, or press ? or * to list all spells.
Aiming: Sandblast (safe; 2% risk of failure)
Press: ? - help, Shift-Dir - straight line, f/p - Terence
Aim: Terence, wielding a +0 flail and wearing a +0 chain mail (severely The blast of sand hits Terence.
Terence is severely wounded.
b - 51 stones You hear some strange, mumbled words.
You hear a shout!
Terence hits you with a +0 flail.
* * * LOW HITPOINT WARNING * * *
The orc priest calls down the wrath of Beogh upon you.
Beogh smites you!
Ouch! That really hurt!
You die...

#....).# ##.....#.#
#.###### ##.##...# #.#
#####..# #.# #..# #.#
#..# #.# ######..####.#
#.# ##.{..o.......#
##.########...###..######
#..##..>.@.S....#...#
#.###.####.@..#.#.#o# #.#
#.####.#.##.#.#.# #.#
#.##......#.#.#.### #.#
#÷##....#.#.#.....# #.#
#.##...##.......#.####
#.#
#.##......#..#.....S.o
#[#
#.##.##.#.##....#.#o##
#.# #.##..#...........#.#


You could see Terence, an orc priest and an adder.

Vanquished Creatures
  Jessica (D:2)
  A leopard gecko (D:2)
  2 bats
  A giant cockroach (D:2)
  8 goblins
  6 hobgoblins
  3 jackals (D:1)
  3 kobolds (D:2)
  2 frilled lizards (D:1)
  A rat (D:1)
28 creatures vanquished.

Notes
Turn   | Place    | Note
-------+----------+-------------------------------------------
     0 | D:1      | Nixze the Gargoyle Earth Elementalist began the quest for
                  | the Orb.
     0 | D:1      | Reached XP level 1. HP: 10/10 MP: 3/3
   374 | D:1      | Reached skill level 4 in Earth Magic
   374 | D:1      | Reached XP level 2. HP: 15/15 MP: 5/5
   918 | D:2      | Found a glowing silver altar of Zin.
   918 | D:2      | Found a shimmering altar of Xom.
   918 | D:2      | Found a shattered altar of Ashenzari.
   918 | D:2      | Noticed Terence
  1023 | D:2      | Noticed Jessica
  1030 | D:2      | Killed Jessica
  1030 | D:2      | Reached XP level 3. HP: 19/19 MP: 4/7
  1377 | D:2      | Learned a level 3 spell: Stone Arrow
  1380 | D:2      | Learned a level 2 spell: Passwall
  1441 | D:2      | Reached XP level 4. HP: 24/24 MP: 8/8
  1566 | D:2      | Killed from afar by an orc priest

Vault maps used:
D:1:      dpeg_arrival_solitude
D:2:      cheibrodos_pilgrimage, chequers_temple_overflow_statue_of_worship,
          grunt_ministairs_12, minmay_misc_feat_more_columns,
          minmay_tromino_v4_c, uniq_jessica, uniq_terence

Skill      XL: |  1  2 |
---------------+-------+-----
Earth Magic    | 4 |  4.8
Spellcasting   | 3 |  3.0
Dodging        | |  1.5
Stealth        | |  2.1
Conjurations   | |  0.1
Transmutations | |  0.8

Action                   |  1- 3 |  4- 6 || total
-------------------------+-------+-------++-------
Melee: Mace              |    69 |     8 ||    77
 Cast: Sandblast         |    24 |    11 ||    35
 Stab: Sleeping          |     3 |     1 ||     4
  Eat: Chunk             |     2 |       ||     2
Armor: Robe              |    29 |     3 ||    32
Dodge: Dodged            |    60 |    12 ||    72

Table legend:
 A = Non-vault XP
 B = Vault XP
 C = Vault XP percentage of total XP
 D = Non-vault monster count
 E = Vault monster count
 F = Vault count percentage of total count
                 A         B        C        D         E       F
            +---------+---------+-------+---------+---------+-------
      Total |      44 |      43 |  49.4 |      24 |       4 |  14.3
            +---------+---------+-------+---------+---------+-------
        D:1 |      21 |       0 |   0.0 |      12 |       0 |   0.0
        D:2 |      23 |      43 |  65.2 |      12 |       4 |  25.0
            +---------+---------+-------+---------+---------+-------
